 Dungeon Crawl Stone Soup version 0.30-a0-777-ga9a30cbeda (webtiles) character file.

Game seed: 4765509822326353512

12939 Kenran the Spear-Bearer (level 11, -6/91 HPs)
             Began as an Armataur Fighter on Feb 14, 2023.
             Was a Believer of Hepliaklqana.
             Mangled by a skeletal warrior
             ... wielding a +2 scimitar of flaming
              (20 damage)
             ... on level 8 of the Dungeon.
             The game lasted 00:20:52 (6920 turns).

Kenran the Spear-Bearer (Armataur Fighter)          Turns: 6920, Time: 00:20:52

Health: -6/91      AC: 16    Str: 26    XL:     11   Next: 69%
Magic:  16/16      EV: 11    Int:  9    God:    Hepliaklqana [**....]
Gold:   544        SH:  4    Dex:  9    Spells: 10/10 levels left

rFire   . . .      SeeInvis +    i - +8 trident "Leffeng" {flame, rPois rC+ rN+}
rCold   + . .      Faith    .    b - +0 buckler
rNeg    + . .      Spirit   .    w - +0 chain mail
rPois   +          Reflect  .    z - +0 helmet
rElec   .          Harm     .    F - +0 cloak
rCorr   .          Roll     +    y - +2 pair of gloves
Will    .....                    (no barding) Stlth
                                 C - amulet of regeneration
HPRegen 1.15/turn                g - ring of see invisible
MPRegen 0.15/turn                c - +5 ring of evasion

@: studying Translocations
A: reduced essence, large, rugged brown scales 3, deformed body, armoured tail,
roll, long tongue, awkward tongue
a: Renounce Religion, Recall Ancestor, Ancestor Identity


You were on level 8 of the Dungeon.
You worshipped Hepliaklqana.
Hepliaklqana was pleased with you.
You visited 1 branch of the dungeon, and saw 9 of its levels.
You also visited: Sewer.

You collected 544 gold pieces.

Inventory:

Hand Weapons
 i - the +8 trident "Leffeng" (weapon) {flame, rPois rC+ rN+}
   (You found it on level 3 of the Dungeon)

   rC:        It protects you from cold.
   rPois:     It protects you from poison.
   rN:        It protects you from negative energy.
Armour
 b - a +0 buckler (worn)
 w - a +0 chain mail (worn)
 y - a +2 pair of gloves (worn)
 z - a +0 helmet (worn)
 F - a +0 cloak (worn)
Jewellery
 c - a +5 ring of evasion (right hand)
 g - a ring of see invisible (left hand)
 x - a ring of fire
 C - an amulet of regeneration (around neck)
 D - a +6 ring of strength
 E - a ring of flight
 G - an amulet of reflection
Wands
 K - a wand of quicksilver (19)
Scrolls
 a - 2 scrolls of fog
 e - 2 scrolls of immolation {!r}
 f - 2 scrolls of vulnerability {!r}
 h - 2 scrolls of magic mapping
 j - 2 scrolls of amnesia
 k - 2 scrolls of poison
 l - 3 scrolls of blinking
 n - 5 scrolls of teleportation
 q - 2 scrolls of fear
 s - 3 scrolls of enchant weapon
 v - 2 scrolls of butterflies
 I - a scroll of brand weapon {unknown}
 L - a scroll of identify {@r1}
Potions
 d - 4 potions of heal wounds {@q2}
 m - 6 potions of curing {@q1}
 o - a potion of invisibility {unknown}
 p - 2 potions of haste
 r - 2 potions of magic
 t - 2 potions of mutation {!q}
 u - a potion of ambrosia {unknown}
 A - a potion of experience {unknown}
 B - 2 potions of flight
 H - a potion of degeneration {unknown}
 J - a potion of cancellation


   Skills:
 + Level 7.9 Fighting
 + Level 11.0 Polearms
 + Level 9.1 Armour
 - Level 3.2 Shields
 - Level 4.1 Unarmed Combat
 + Level 7.5 Invocations


You had 10 spell levels left.
You didn't know any spells.
Your spell library contained the following spells:

 Spells                   Type           Power      Damage    Failure   Level
 Apportation              Tloc           0%         N/A       94%         1
 Kiss of Death            Conj/Necr      0%         2d5       94%         1
 Magic Dart               Conj           0%         1d3       94%         1
 Shock                    Conj/Air       0%         1d3       94%         1
 Call Imp                 Summ           0%         N/A       98%         2
 Static Discharge         Conj/Air       0%         2-2/arc   98%         2
 Sublimation of Blood     Necr           0%         N/A       98%         2
 Wereblood                Tmut           0%         N/A       98%         2
 Confusing Touch          Hex            0%         N/A       100%        3
 Mephitic Cloud           Conj/Pois/Air  0%         N/A       100%        3
 Swiftness                Air            0%         N/A       100%        3
 Vhi's Electric Charge    Tloc/Air       0%         N/A       100%        3
 Airstrike                Air            0%         2d(0-16)  100%        4
 Dispel Undead            Necr           0%         3d6       100%        4
 Arcjolt                  Conj/Air       0%         1d10      100%        5
 Lightning Bolt           Conj/Air       0%         1d11      100%        5
 Summon Hydra             Summ           0%         N/A       100%        7


Dungeon Overview and Level Annotations

Branches:
Dungeon (9/15)             Temple (0/1) D:5            Lair (0/5) D:9
  Sewer (visited)
    Orc: D:9-12

Altars:
Gozag
Hepliaklqana
Makhleb
Qazlal
Sif Muna
Uskayaw
Vehumet
Xom

Shops:
D:3 [


Innate Abilities, Weirdness & Mutations

Your life essence is reduced to manifest your ancestor. (-10% HP)
You are completely covered in rugged brown scales. (AC +3, +7% HP)
Armour fits poorly on your strangely shaped body.
You have a long armoured tail.
You roll when moving toward enemies. (Rampage)
Your long tongue fully drains potion bottles. (2x potion effects)
Your tongue gives you trouble enunciating. (1.5x scroll delay)


Message History

Yayatum points at the skeletal warrior and mumbles some strange words.
The stone arrow hits the skeletal warrior!
You roll towards the skeletal warrior!
The skeletal warrior unwields a +0 sling.
The skeletal warrior wields a +2 scimitar of flaming.
It bursts into flame!
The skeletal warrior hits you with a +2 scimitar of flaming!
The skeletal warrior burns you.
You closely miss the skeletal warrior. You tail-slap the skeletal warrior!
The skeletal warrior is moderately damaged.
The skeletal warrior hits you with a +2 scimitar of flaming.
The skeletal warrior burns you.
You hit the skeletal warrior but do no damage.
Your tail-slap misses the skeletal warrior.
The skeletal warrior is moderately damaged.
The skeletal warrior hits you but does no damage.
You barely miss the skeletal warrior.
The skeletal warrior is moderately damaged.
Yayatum casts a spell at the skeletal warrior.
The puff of frost hits the skeletal warrior.
The skeletal warrior completely resists.
You hit the skeletal warrior. You burn the skeletal warrior.
The skeletal warrior is moderately damaged.
The skeletal warrior hits you with a +2 scimitar of flaming!
The skeletal warrior burns you.
You closely miss the skeletal warrior.
The skeletal warrior is moderately damaged.
The skeletal warrior barely misses you.
You puncture the skeletal warrior! You burn the skeletal warrior.
The skeletal warrior is heavily damaged.
Yayatum barely misses the skeletal warrior.
The skeletal warrior hits you with a +2 scimitar of flaming!!
* * * LOW HITPOINT WARNING * * *
The skeletal warrior burns you!
* * * LOW HITPOINT WARNING * * *
You hit the skeletal warrior. You burn the skeletal warrior.
The skeletal warrior is heavily damaged.
Yayatum hits the skeletal warrior but does no damage.
The skeletal warrior hits you with a +2 scimitar of flaming!!
You die...

#...####....#..##..#....##
...##.......#.##...#...##.
#...#.........##..#.#R.##.#
#............##...#...##.#.
##............#....#..##..##
#.............##...#[##..###
#..............##..###..###.
................##.....###..
...........@R....###.####...
.......[.>.z.....#.....#....
...............#.#..##.#....
..............##.#R#.##.....
.............###.#.##.R#....
#...........## #.#..#..#....
##.########## #.########...
#. #........##.. #
#.........##.


You could see the friendly Yayatum the battlemage and a skeletal warrior (ally
target).

Vanquished Creatures
  2 centaur warriors (D:8)
  2 boulder beetles (D:8)
  A two-headed ogre (D:9)
  An ugly thing (D:8)
  A manticore (D:8)
  A cyclops (D:8)
  A tengu conjurer (D:8)
  Grinder (D:3)
  A hornet (D:8)
  A slime creature (D:8)
  6 yaks
  Grum (D:8)
  A wraith (D:8)
  5 wyverns
  A steam dragon (D:8)
  A vampire mosquito (D:8)
  Menkaure (D:7)
  An acid dragon (D:8)
  4 water moccasins
  2 orc warriors
  A black bear (D:4)
  Pargi (Sewer)
  An ice beast (D:6)
  2 ogres (D:5)
  2 wolves (D:8)
  4 centaurs
  A kobold brigand (D:9)
  3 phantoms
  2 bullfrogs
  2 lemures (D:7)
  3 necrophages
  4 scorpions
  10 wights
  A killer bee (D:9)
  9 howler monkeys
  2 orc priests
  3 hounds
  Crazy Yiuf (D:7)
  4 jellies
  Jessica (D:2)
  An iguana (D:6)
  Natasha (thrice) (D:3)
  7 orc wizards
  3 gnolls (D:3)
  13 adders
  A shadow imp (D:6)
  A white imp (D:8)
  An ufetubus (D:7)
  2 worms
  4 dart slugs
  43 orcs
  6 ball pythons
  5 endoplasms
  6 giant cockroaches
  6 goblins
  6 hobgoblins
  6 jackals
  4 quokkas
  9 bats
  8 frilled lizards
  11 kobolds
  2 rats
240 creatures vanquished.

Vanquished Creatures (collateral kills)
  A two-headed ogre (D:9)
  Pikel (D:7)
  A hornet (D:7)
  A wyvern (D:9)
  An ice beast (D:8)
  An ogre (D:7)
  A wight (D:7)
7 creatures vanquished.

Vanquished Creatures (others)
  3 battlemagi (D:8)
  2 ancestors
  2 fungi (D:9)
  19 plants (D:9)
26 creatures vanquished.

Grand Total: 273 creatures vanquished

Notes
Turn   | Place    | Note
-------+----------+-------------------------------------------
     0 | D:1      | Kenran the Armataur Fighter began the quest for the Orb.
     0 | D:1      | Reached XP level 1. HP: 19/19 MP: 1/1
   108 | D:1      | Reached XP level 2. HP: 26/26 MP: 2/2
   822 | D:2      | Reached XP level 3. HP: 32/33 MP: 3/3
  1129 | D:2      | Reached XP level 4. HP: 39/40 MP: 4/4
  1290 | D:2      | Noticed Jessica
  1295 | D:2      | Killed Jessica
  1303 | D:2      | Got Jessica's Volume of the Compass
  1368 | D:3      | Identified the +8 trident "Leffeng" {flame, rPois rC+ rN+}
  1383 | D:3      | Found a faded altar of an unknown god.
  1398 | D:3      | Reached skill level 1 in Polearms
  1405 | D:3      | Reached XP level 5. HP: 47/48 MP: 5/5
  1533 | D:3      | Reached skill level 2 in Polearms
  1674 | D:3      | Found Baxi's Antique Armour Boutique.
  1677 | D:3      | Found a glowing drain.
  1716 | Sewer    | Entered a sewer
  1771 | Sewer    | Noticed Pargi
  1779 | Sewer    | Killed Pargi
  1780 | Sewer    | Reached skill level 3 in Polearms
  1780 | Sewer    | Reached XP level 6. HP: 25/54 MP: 6/6
  2028 | D:3      | Noticed Grinder
  2034 | D:3      | Paralysed by Grinder for 4 turns
  2039 | D:3      | Reached skill level 4 in Polearms
  2049 | D:3      | Killed Grinder
  2050 | D:3      | Reached skill level 5 in Polearms
  2050 | D:3      | Reached XP level 7. HP: 56/60 MP: 7/7
  2297 | D:4      | Noticed Natasha
  2309 | D:3      | Killed Natasha
  2550 | D:3      | Found Baxi's Antique Armour Boutique.
  2600 | D:3      | Noticed Natasha
  2604 | D:3      | Killed Natasha
  2617 | D:3      | Found a faded altar of an unknown god.
  2625 | D:3      | Noticed Natasha
  2630 | D:3      | Killed Natasha
  2886 | D:4      | Reached skill level 6 in Polearms
  3386 | D:4      | Reached XP level 8. HP: 65/67 MP: 8/8
  3408 | D:5      | Entered Level 5 of the Dungeon
  3548 | D:5      | Found a stormy altar of Qazlal.
  3697 | D:5      | Reached skill level 7 in Polearms
  3978 | D:5      | Found a shimmering blue altar of Sif Muna.
  3998 | D:5      | Found a hide-covered altar of Uskayaw.
  3999 | D:5      | Found a radiant altar of Vehumet.
  4053 | D:5      | Found a hazy altar of Hepliaklqana.
  4087 | D:5      | Found a burning altar of Makhleb.
  4092 | D:5      | Became a worshipper of Hepliaklqana the Forgotten
  4137 | D:5      | Found a staircase to the Ecumenical Temple.
  4216 | D:5      | Reached skill level 5 in Armour
  4519 | D:6      | Reached skill level 8 in Polearms
  4524 | D:6      | Reached XP level 9. HP: 66/77 MP: 9/9
  4645 | D:6      | Found a shimmering altar of Xom.
  4767 | D:6      | You fall into a shaft and drop 3 floors!
  4777 | D:9      | Noticed a two-headed ogre
  4788 | D:9      | Killed a two-headed ogre
  4789 | D:9      | Reached skill level 5 in Fighting
  4789 | D:9      | Reached skill level 9 in Polearms
  4886 | D:9      | Reached * piety under Hepliaklqana
  4963 | D:9      | Reached skill level 10 in Polearms
  4968 | D:9      | Reached skill level 1 in Invocations
  4988 | D:9      | Reached XP level 10. HP: 60/78 MP: 11/11
  4994 | D:9      | Found a staircase to the Lair.
  5054 | D:9      | Found an opulent altar of Gozag.
  5220 | D:9      | Noticed a two-headed ogre
  5225 | D:9      | Killed a two-headed ogre
  5265 | D:9      | Reached skill level 5 in Invocations
  5355 | D:8      | Noticed a white ugly thing
  5371 | D:8      | Killed a white ugly thing
  5371 | D:8      | Noticed a skeletal warrior
  5381 | D:8      | Noticed Grum
  5398 | D:8      | Killed Grum
  5449 | D:8      | Noticed a manticore
  5454 | D:8      | Killed a manticore
  5482 | D:8      | Noticed a boulder beetle
  5501 | D:8      | Noticed a boulder beetle
  5575 | D:8      | Noticed a centaur warrior
  5585 | D:7      | Noticed Menkaure
  5589 | D:7      | Killed Menkaure
  5641 | D:7      | Reached XP level 11. HP: 88/88 MP: 15/15
  5651 | D:7      | Reached ** piety under Hepliaklqana
  5660 | D:7      | Remembered your ancestor Yayatum as a battlemage
  5895 | D:7      | Noticed Pikel
  5907 | D:7      | Killed Pikel
  6015 | D:7      | Found a runed translucent door.
  6016 | D:7      | Noticed Crazy Yiuf
  6086 | D:7      | Killed Crazy Yiuf
  6223 | D:8      | Noticed a centaur warrior
  6232 | D:8      | Killed a centaur warrior
  6366 | D:8      | Killed a boulder beetle
  6407 | D:8      | Killed a boulder beetle
  6545 | D:8      | Killed a centaur warrior
  6546 | D:8      | Reached skill level 11 in Polearms
  6920 | D:8      | Mangled by a skeletal warrior

Illustrated notes

Levels and vault maps discovered:
D:1:      saegor_arrival_simple_e, layout_loops_ring, serial_aquarium,
          aquarium_bridge_square [aquarium_subvault_balcony,
          aquarium_subvault_window, aquarium_subvault_wall,
          aquarium_subvault_bridge], aquarium_window_corner,
          aquarium_window_double, aquarium_window_corridor_1, aquarium_view_2f,
          aquarium_balcony_5a
D:2:      layout_rooms, kennysheep_jessica_study
D:3:      layout_loops_cross, ebering_ecumenical_altar_webs,
          gup_sewer_entry_glass, serial_shops, nicolae_shop_behind_doors,
          uniq_grinder
D:4:      layout_basic, uniq_natasha
D:5:      minmay_angry_zag, layout_loops_ring, lemuel_round_altar,
          mainiacjoe_overflow_alcove_3, mainiacjoe_overflow_24_doors,
          minmay_temple_entry_enclosed_plants
D:6:      layout_basic, mainiacjoe_overflow_brackets
D:7:      layout_cave_pools, minmay_door_square, uniq_crazy_yiuf_cottage,
          uniq_menkaure, uniq_pikel
D:8:      minmay_the_grid_octo_tiled_squarecenter
          [minmay_the_grid_octo_fat_diamond, minmay_the_grid_octo_77,
          minmay_the_grid_octo_empty, minmay_the_grid_octo_checkered,
          minmay_the_grid_square_5x5_megaprize_checkered,
          minmay_the_grid_square_5x5_minivault,
          minmay_the_grid_square_5x5_one_wall,
          minmay_the_grid_square_5x5_shuriken, minmay_the_grid_square_5x5_meh],
          layout_cave_pods, mainiacjoe_overflow_swirl,
          hangedman_abyss_or_decor_stabs, uniq_grum
D:9:      layout_basic, mainiacjoe_overflow_tiny_flanked,
          minmay_lair_entry_grove

Skill      XL: |  1  2  3  4  5  6  7  8  9 10 11 |
---------------+----------------------------------+-----
Unarmed Combat | 2 3 4 |  4.1
Fighting       | 3 4 5 6 7 |  7.9
Polearms       | 1 3 5 6 8 10 11 | 11.0
Armour         | 5 7 9 |  9.1
Invocations    | 2 6 7 |  7.5
Shields        | |  3.2

Action                     |  1- 3 |  4- 6 |  7- 9 | 10-12 || total
---------------------------+-------+-------+-------+-------++-------
  Melee: Unarmed           |   150 |    21 |       |       ||   171
         Tailslap          |    17 |     4 |    25 |    25 ||    71
         Trident           |       |    69 |   217 |   250 ||   536
 Invoke: Recall Ancestor   |       |       |       |     1 ||     1
         Ancestor Life: Ba |       |       |       |     1 ||     1
    Use: Scroll            |       |     4 |     7 |     4 ||    15
         Potion            |       |     2 |     3 |     1 ||     6
   Stab: Distracted        |       |       |       |     1 ||     1
 Armour: Scale mail        |    77 |    45 |    21 |       ||   143
         Chain mail        |       |       |    53 |    70 ||   123
  Dodge: Dodged            |    57 |    27 |    56 |    74 ||   214
  Block: Buckler           |    26 |    12 |    22 |    19 ||    79

Table legend: (Time is in decaauts)
 A = Elapsed time spent in this place.
 B = Non-inter-level travel time spent in this place.
 C = Inter-level travel time spent in this place.
 D = Time resting spent in this place.
 E = Time spent auto-exploring this place.
 F = Levels seen in this place.
 G = Mean time per level.
                   A        B        C        D        E       F      G
               +--------+--------+--------+--------+--------+-----+--------+
         Total |   6859 |   6650 |    209 |    357 |   3779 |  10 |  685.9 |
       Dungeon |   6623 |   6414 |    209 |    264 |   3718 |   9 |  735.9 |
         Sewer |    235 |    235 |      0 |     93 |     61 |   1 |  235.0 |
               +--------+--------+--------+--------+--------+-----+--------+

Top non-repeatable levels by time:
     D:3: 1230 daAuts
     D:8: 936 daAuts
     D:5: 860 daAuts
     D:1: 796 daAuts
     D:4: 594 daAuts
     D:7: 577 daAuts
     D:2: 565 daAuts
     D:9: 543 daAuts
     D:6: 519 daAuts
   Sewer: 235 daAuts
